 Dungeon Crawl Stone Soup version 0.22.0-38-g04b72b8 (webtiles) character file.

146 PIttos the Shield-Bearer (level 5, -4/47 HPs)
             Began as a Minotaur Fighter on Aug 27, 2018.
             Killed from afar by an orc wizard (5 damage)
             ... with a magic dart
             ... on level 4 of the Dungeon.
             The game lasted 00:04:16 (1468 turns).

PIttos the Shield-Bearer (Minotaur Fighter)         Turns: 1468, Time: 00:04:17

Health: -4/47      AC:  7    Str: 22    XL:     5   Next: 7%
Magic:  4/4        EV:  7    Int:  5    God:
Gold:   112        SH:  9    Dex:  9    Spells: 4/4 levels left

rFire    . . .     SeeInvis .   a - +0 war axe
rCold    . . .     Gourm    .   c - +0 shield
rNeg     . . .     Faith    .   b - +0 scale mail
rPois    .         Spirit   .   (helmet restricted)
rElec    .         Reflect  .   (no cloak)
rCorr    .         Harm     .   (no gloves)
MR       .....                  (no boots)
Stlth    ..........             (no amulet)
HPRegen  0.15/turn              (no ring)
MPRegen  0.09/turn              (no ring)

@: no status effects
A: retaliatory headbutt, horns 2
a: no special abilities


You were on level 4 of the Dungeon.
You were hungry.

You visited 1 branch of the dungeon, and saw 4 of its levels.

You collected 112 gold pieces.

Inventory:

Hand Weapons
 a - a +0 war axe (weapon)
 s - a +0 mace
Armour
 b - a +0 scale mail (worn)
 c - a +0 shield (worn)
Jewellery
 g - an uncursed ring of positive energy {unknown}
 i - a cursed -2 ring of strength {unknown}
Wands
 q - a wand of disintegration (10)
Scrolls
 h - a scroll of identify {unknown}
 j - a scroll of magic mapping {unknown}
 k - 3 scrolls of amnesia {unknown}
 m - 2 scrolls of enchant weapon {unknown}
 p - 3 scrolls of blinking {unknown}
 t - a scroll of enchant armour {unknown}
Potions
 d - a potion of might
 e - 3 potions of curing {unknown}
 l - a potion of heal wounds {unknown}
 n - a potion of ambrosia {unknown}
 o - a potion of lignification {unknown}
 r - a potion of resistance {unknown}
Comestibles
 f - 7 rations


   Skills:
 * Level 4.6 Fighting
 * Level 4.0 Axes
 * Level 4.3 Armour
 * Level 0.4 Dodging
 - Level 0.2 Stealth
 + Level 4.7 Shields


You had 4 spell levels left.
You didn't know any spells.
Your spell library contained the following spells:

 Spells                   Type           Power        Failure   Level  Hunger
 Beastly Appendage        Tmut           #.....       99%         1    ##.....
 Sticks to Snakes         Tmut           #.......     100%        2    ###....
 Spider Form              Tmut/Pois      #.........   100%        3    ####...
 Ice Form                 Ice/Tmut       #.......     100%        4    #####..
 Blade Hands              Tmut           #.........   100%        5    ######.


Dungeon Overview and Level Annotations

Branches:
Dungeon (4/15)
 Temple: D:4-7

Altars:
Ashenzari
Qazlal
Ru
Uskayaw


Innate Abilities, Weirdness & Mutations

You reflexively headbutt those who attack you in melee.
You have a pair of horns on your head.


Message History

The orc barely misses you. You furiously retaliate!
You headbutt the orc!
You kill the orc!
Something hits you but does no damage. x2
You hear some strange, mumbled words.
A puff of flame appears from out of thin air!
The puff of flame hits you!
* * * LOW HITPOINT WARNING * * *
Things that are here:
a dagger; a robe; an orc corpse You hear some strange, mumbled words.
A puff of flame appears from out of thin air!
The puff of flame hits you!
* * * LOW HITPOINT WARNING * * *
Something hits you but does no damage. Something hits you.
* * * LOW HITPOINT WARNING * * *
You hear some strange, mumbled words.
A magic dart appears from out of thin air!
The magic dart hits you!
You die...

## #.#### ...##....####
.....###.<..###
######................
#.......###..####.....
#.......####.## ####
#(............#
#......(###.#.##..
#.....@.##.......#
#####{###..#..##..#####
#S..o)###...#...... #
#...#S## ##......#.
##...###.# ### #.#.
#..## ##.#### #...
#.... #.So..# #...
#..#.##.....########.#S
#...........##..oSoo.#.


You could see an adder.

Vanquished Creatures
  An orc priest (D:4)
  2 orc wizards
  2 adders
  A leopard gecko (D:3)
  7 orcs
  4 bats
  2 giant cockroaches (D:1)
  2 goblins
  6 hobgoblins
  4 kobolds
  A quokka (D:4)
  A ball python (D:3)
  A frilled lizard (D:3)
  4 rats
38 creatures vanquished.

Notes
Turn   | Place    | Note
-------+----------+-------------------------------------------
     0 | D:1      | PIttos the Minotaur Fighter began the quest for the Orb.
     0 | D:1      | Reached XP level 1. HP: 19/19 MP: 0/0
   225 | D:1      | Reached XP level 2. HP: 21/27 MP: 1/1
   755 | D:2      | You fall through a shaft!
   762 | D:3      | Found a sacrificial altar of Ru.
   765 | D:3      | Reached XP level 3. HP: 34/34 MP: 2/2
   966 | D:3      | Found a shattered altar of Ashenzari.
  1146 | D:3      | Reached XP level 4. HP: 41/41 MP: 3/3
  1344 | D:4      | Found a stormy altar of Qazlal.
  1350 | D:4      | Reached XP level 5. HP: 39/47 MP: 4/4
  1413 | D:4      | Found a hide-covered altar of Uskayaw.
  1465 | D:4      | HP: 2/47 [something/puff of flame (6)]
  1468 | D:4      | Killed from afar by an orc wizard

Skill      XL: |  1  2  3  4 |
---------------+-------------+-----
Fighting       | 4 |  4.6
Shields        | 4 |  4.7
Axes           | 3 4 |  4.0
Armour         | 4 |  4.3
Dodging        | |  0.4
Stealth        | |  0.2

Action                   |  1- 3 |  4- 6 || total
-------------------------+-------+-------++-------
Melee: War axe           |    72 |    26 ||    98
       Headbutt          |    11 |     4 ||    15
 Stab: Paralysed         |     1 |       ||     1
  Eat: Chunk             |       |     1 ||     1
Armor: Scale mail        |    35 |    20 ||    55
Dodge: Dodged            |    17 |     7 ||    24
Block: Shield            |    40 |    10 ||    50
